AoeStats
← Charlitos22

Enclosed

506541974Analyzed
1v1 RM · 19d ago on Sep 14, 2026· 34m 48s· 2 players
Game mode
Random Map
Map size
Tiny (2 player)
Population
200
Speed
Normal
Resources
Standard
Victory
Conquest
Starting age
Dark Age
Ending age
Imperial Age
RankedLock teamsTeams togetherTeam positionsShared explorationLock speedFull tech treeHidden civsTurbo modeCheats
Victory
Defeat
🇦🇷 Tatars · Argentina
709
+14
🇨🇱 Britons · Chile
672
-14
Charlitos22
12:19 Feudal Age
16:56 Castle Age
16:27 Double-Bit Axe
18:12 Town Watch
18:13 Loom
18:44 Bow Saw
22:23 Fervor
22:10 Crossbowman
22:45 Fletching
22:57 Padded Archer Armor
25:57 Bodkin Arrow
26:14 Gold Mining
26:19 Stone Mining
28:54 Wheelbarrow
28:03 Horse Collar
29:20 Town Patrol
31:38 Gold Shaft Mining
31:18 Heavy Plow
33:19 Ballistics
32:40 Treadmill Crane
MESCHLLER
9:45 Feudal Age
17:28 Castle Age
16:16 Horse Collar
16:30 Double-Bit Axe
18:12 Heavy Plow
18:48 Bow Saw
23:43 Gold Mining
26:27 Elite Skirmisher
27:58 Fletching
29:35 Wheelbarrow
33:08 Imperial Age
32:10 Hand Cart
32:57 Bodkin Arrow
33:02 Padded Archer Armor
34:00 Bracer
34:48 Crop Rotation
Connection lost

Rejoining the realm…

Still unreachable

The connection could not be restored.

Session expired

The server has moved on; the page needs a fresh start.